groovejumper, neutral female human Wizard -------------- |............| ------- ------ |............| |.....-######## |.....|# |............| #-.>...| # |.....|# |............-#####|....`| ##-.....|# -.------|----- -|----- |.<...|# # # # -------# ### ### % # ------------ #@a## ####...........| ------.-- ##|..........| |........# * ##-..........| |.......|### * ------------- ###------------ |.......| # * |...........| # |.......| ############-...........-## |.{.....| |...........| --------- |...........| ------------- groovejumper the Thaumaturge Experience level: 7 Strength: 25 Dexterity: 14 Constitution: 16 Intelligence: 18 Wisdom: 12 Charisma: 10 Health: 0(47) Energy: 63(73) AC: 3 Gold: 649 Moves: 2842 Your Inventory: Coins $ - 649 gold pieces Weapons a - a blessed +1 quarterstaff (weapon in hands) Armor b - an uncursed +0 cloak of magic resistance (being worn) s - an [uncursed +0] crested helmet [of cold resistance and displacement (helmet)] t - an [uncursed +0] tattered cape [cloak of displacement] v - an [uncursed] +0 studded leather armor (being worn) A - an uncursed +2 pair of gauntlets of power (being worn) N - an [uncursed +0] pair of snow boots [jumping] Comestibles x - 2 [uncursed] lichen corpses C - 3 [uncursed] food rations D - an [uncursed] fortune cookie Y - 3 [uncursed] cream pies Scrolls i - an uncursed scroll of scare monster j - 2 uncursed scrolls of confuse monster G - a blessed scroll of remove curse J - an uncursed scroll of create monster L - 2 [uncursed] scrolls of teleportation S - an [uncursed] scroll of enchant armor T - an uncursed scroll of destroy armor U - a cursed scroll of enchant armor X - an [uncursed] scroll labeled LOREN IPSUM [of light] Spellbooks l - a blessed spellbook of force bolt m - an uncursed spellbook of detect monsters Potions g - 2 uncursed potions of water h - an uncursed potion of enlightenment q - an [uncursed] ochre potion [of full healing] u - an [uncursed] indigo potion [of object detection] y - an [uncursed] potion of water z - an [uncursed] ruby potion [of booze] B - a [cursed] viscous potion [of hallucination] H - a potion of unholy water K - an uncursed potion of levitation O - an uncursed potion of gain level Q - an [uncursed] smoky potion [of paralysis] R - an [uncursed] potion of enlightenment Rings d - an uncursed ring of fire resistance e - an uncursed +1 ring of increase accuracy E - an [uncursed] bronze ring [of stealth] P - a [cursed] wedding ring [of polymorph] Wands r - an [uncursed] wand of polymorph [0:8] I - an uncursed wand of polymorph (0:6) W - an [uncursed] copper wand [of digging (0:4)] Tools k - an [uncursed] key [skeleton key] n - an uncursed magic marker (0:36) M - an [uncursed] lock pick V - an [uncursed] towel Z - 9 [uncursed wax] candles Spells known in the end: Name Level Category Fail Memory a - force bolt 1 attack 4% [|||||||.] b - detect monsters 1 divination 4% [|||||||.] Your skills at the end: Fighting Skills Weapon Skills quarterstaff [Basic / Expert] Spellcasting Skills attack spells [Basic / Expert] enchantment spells [Basic / Skilled] Final Attributes: You were devoutly aligned. Hunger level was 162. Your alignment was 19 / 24. Monster difficulty range was 0 - 5. Level difficulty was 4. You were magic-protected. You saw invisible. You were telepathic. Your luck was zero. You are dead. Vanquished creatures: 5 water moccasins 2 water nymphs 2 rock piercers 2 enormous rats a rock mole a gray ooze a wax golem 3 floating eyes a dwarf a homunculus a kobold lord a giant bat 5 Kop Sergeants 3 iguanas 2 acid blobs 2 coyotes a yellow mold a gnome 7 Keystone Kops 3 gnome zombies a gecko 5 jackals a fox a goblin 3 sewer rats 3 grid bugs 2 bats 3 lichens 3 newts 67 creatures vanquished. Voluntary challenges: You were an atheist. You used a wielded weapon 42 times. You read items or engraved 5 times. You put on armor 4 times. You never genocided any monsters. You never polymorphed an object. You never changed form. You used no wishes. You never wrote Elbereth's name. You never encountered a bones level. You never used any Sokoban shortcuts. Dungeon overview: The Dungeons of Doom: levels 1 to 4 Level 1 a long staircase Level 2 a general store Level 3 an armor shop, a fountain a long staircase Level 4 <- You were here a fountain History has recorded: On T:1 you entered the Dungeons of Doom to retrieve the Amulet of Yendor! On T:367 you reached level 2 of The Dungeons of Doom. On T:425 you advanced to experience level 2. On T:495 you advanced to experience level 3. On T:506 you advanced to experience level 4. On T:508 you advanced to experience level 5. On T:843 you advanced to experience level 6. On T:1008 you reached level 3 of The Dungeons of Doom. On T:2015 you reached level 4 of The Dungeons of Doom. On T:2268 you advanced to experience level 7. Latest messages: The bolt of lightning hits you! The bolt of lightning bounces! The bolt of lightning hits you! Wizard, your life force is running out. The water nymph is killed by the bolt of lightning! [HP-44=3] [HP+1=4] [HP+1=5] [HP+1=6] [HP+1=7] [HP+1=8] [HP+1=9] [HP+1=10] The killer bee stings! [HP-2=8] The killer bee stings! The killer bee just misses! [HP-2=6] The killer bee stings! [HP-2=4] The killer bee stings! (2x) You die... Final status: Goodbye groovejumper the Wizard... You died in The Dungeons of Doom on dungeon level 4 with 2335 points, and 649 pieces of gold, after 2842 moves. You were level 7 with a maximum of 47 hit points when you died.